 Dungeon Crawl Stone Soup version 0.30-a0-422-g946f4849ff (webtiles) character file.

Game seed: 6771774683070294020

59 Shayle the Conjurer (level 3, 0/23 (28) HPs)
             Began as a Demonspawn Reaver on Dec 9, 2022.
             Succumbed to an adder's poison
             ... on level 2 of the Dungeon.
             The game lasted 00:04:46 (1572 turns).

Shayle the Conjurer (Demonspawn Reaver)             Turns: 1572, Time: 00:04:47

HP:   0/23 (28)     AC:  4    Str: 12    XL:     3   Next: 78%
MP:   6/6           EV: 11    Int: 16    God:
Gold: 96            SH:  0    Dex: 11    Spells: 2/6 levels left

rFire   . . .      SeeInvis .    a - +0 hand axe
rCold   . . .      Faith    .    (no shield)
rNeg    . . .      Spirit   .    b - +0 leather armour
rPois   .          Reflect  .    (no helmet)
rElec   .          Harm     .    (no cloak)
rCorr   .          Rampage  .    (no gloves)
Will    .....                    (no boots)
Stlth   +.........               (no amulet)
HPRegen 0.23/turn                (no ring)
MPRegen 0.10/turn                (no ring)

@: lethally poisoned (0 -> -2), heavily drained
A: rugged brown scales 1
a: no special abilities


You were on level 2 of the Dungeon.
You visited 1 branch of the dungeon, and saw 2 of its levels.

You collected 96 gold pieces.

Inventory:

Hand Weapons
 a - a +0 hand axe (weapon)
Armour
 b - a +0 leather armour (worn)


   Skills:
 + Level 2.9 Fighting
 - Level 2.6 Axes
 + Level 1.6 Armour
 - Level 1.7 Dodging
 + Level 1.7 Stealth
 - Level 2.0 Spellcasting
 - Level 3.0 Conjurations


You had 2 spell levels left.
You knew the following spells:

 Your Spells              Type           Power      Damage    Failure   Level
a - Kiss of Death         Conj/Necr      24%        2d7       14%         1
b - Hailstorm             Conj/Ice       6%         3d4       38%         3

Your spell library contained the following spells:

 Spells                   Type           Power      Damage    Failure   Level
 Momentum Strike          Conj/Tloc      12%        3d8       22%         2
 Beastly Appendage        Tmut           2%         N/A       26%         1
 Wereblood                Tmut           1%         N/A       36%         2
 Spider Form              Tmut/Pois      1%         N/A       61%         3
 Summon Guardian Golem    Hex/Summ       1%         N/A       61%         3
 Alistair's Intoxication  Tmut/Pois      0%         N/A       100%        5
 Borgnjor's Vile Clutch   Necr/Erth      0%         N/A       100%        5
 Eringya's Noxious Bog    Tmut/Pois      0%         N/A       100%        6
 Orb of Destruction       Conj           5%         9d5       100%        7
 Spellforged Servitor     Conj/Summ      3%         N/A       100%        7


Dungeon Overview and Level Annotations

Branches:
Dungeon (2/15)

Altars:

Annotations:
D:2 Robin


Innate Abilities, Weirdness & Mutations

You are partially covered in rugged brown scales. (AC +1, +3% HP)


Message History

You pick up a book of Changes and begin reading...
You add the spells Beastly Appendage, Wereblood and Spider Form to your library.
You start resting.
HP restored.
An adder comes into view.
An adder comes into view.
The adder hisses angrily.
The adder closely misses you. The adder bites you.
You are poisoned.
The adder poisons you!
The adder hisses angrily.
You feel sick. The adder bites you. The adder closely misses you.
You feel sick. The adder bites you.
You aren't carrying any potions.
As you read the scroll labelled RAUWIDD HOCITH, it crumbles to dust.
You feel strangely unstable.
It was a scroll of teleportation.
You feel sick. The adder bites you but does no damage.
The adder attacks as you move away! The adder bites you but does no damage.
You feel sick. The adder attacks as you move away! The adder bites you.
You are more poisoned.
The adder poisons you!
You feel sick. The adder attacks as you move away! The adder bites you.
You are lethally poisoned!
The adder poisons you!
You feel very sick.
Your surroundings suddenly seem different.
* * * LOW HITPOINT WARNING * * *
You feel sick.
There is a lethal amount of poison in your body!
* * * LOW HITPOINT WARNING * * *
You feel sick.
* * * LOW HITPOINT WARNING * * *
You feel sick.
* * * LOW HITPOINT WARNING * * *
You feel sick.
* * * LOW HITPOINT WARNING * * *
You feel sick.
You die...

#.# #.# #....#..... #.#
#.###..†....##. #.#
#.##........##.
#.############...........##.
#...........#####.......###.
###########.# ###......(..
##### #)#######...#####.
##...##########........)..#
##
##.....g........@.#######..#
##.....##########.# #..#
...###.##########.# #..#
##.##>#...........# #..#
##.....############ #.†#
####.### #..# # #.# #..##
#.# ########...#### #.#
..............##


There were no monsters in sight!

Vanquished Creatures
  An adder (D:2)
  2 dart slugs (D:2)
  5 bats (D:1)
  4 endoplasms
  3 giant cockroaches
  3 goblins
  9 hobgoblins
  A jackal (D:1)
  2 kobolds
  A quokka (D:1)
  5 ball pythons
  3 frilled lizards
  A rat (D:1)
40 creatures vanquished.

Notes
Turn   | Place    | Note
-------+----------+-------------------------------------------
     0 | D:1      | Shayle the Demonspawn Reaver began the quest for the Orb.
     0 | D:1      | Reached XP level 1. HP: 16/16 MP: 3/3
   115 | D:1      | Gained mutation: You are partially covered in rugged brown
                  | scales. (AC +1, +3% HP) [demonic ancestry]
   115 | D:1      | Reached XP level 2. HP: 5/22 MP: 5/5
   335 | D:1      | Reached skill level 1 in Stealth
   338 | D:1      | Reached skill level 1 in Armour
   757 | D:1      | Reached XP level 3. HP: 27/28 MP: 6/6
   989 | D:2      | Learned a level 3 spell: Hailstorm
  1300 | D:2      | Noticed Robin
  1571 | D:2      | HP: 1/23 [poisoned by an adder]
  1572 | D:2      | Succumbed to an adder's poison

Illustrated notes

Levels and vault maps discovered:
D:1:      dpeg_arrival_brainrot, layout_loops_ring, minmay_misc_feat_chi,
          minmay_pentomino_t4
D:2:      layout_loops_ring, uniq_robin, uniq_crazy_yiuf_cottage

Skill      XL: |  1  2 |
---------------+-------+-----
Stealth        | 1 |  1.7
Armour         | 1 |  1.6
Fighting       | |  2.9
Axes           | |  2.6
Dodging        | |  1.7
Spellcasting   | |  2.0
Conjurations   | |  3.0

Action                   || total
-------------------------++-------
Melee: Hand axe          ||   150
 Cast: Kiss of Death     ||     1
  Use: Scroll            ||     2
 Stab: Sleeping          ||     3
Armor: Leather armour    ||    68
Dodge: Dodged            ||   107

Table legend: (Time is in decaauts)
 A = Elapsed time spent in this place.
 B = Non-inter-level travel time spent in this place.
 C = Inter-level travel time spent in this place.
 D = Time resting spent in this place.
 E = Time spent auto-exploring this place.
 F = Levels seen in this place.
 G = Mean time per level.
                   A        B        C        D        E       F      G
               +--------+--------+--------+--------+--------+-----+--------+
         Total |   1597 |   1489 |    108 |    270 |    770 |   2 |  798.5 |
       Dungeon |   1597 |   1489 |    108 |    270 |    770 |   2 |  798.5 |
               +--------+--------+--------+--------+--------+-----+--------+

Top non-repeatable levels by time:
     D:1: 1023 daAuts
     D:2: 574 daAuts
